 Dungeon Crawl Stone Soup version 0.22-a0-825-ga28c36f (console) character file.

4 tminei the Ruffian (level 1, -2/16 HPs)
             Began as a Draconian Transmuter on July 24, 2018.
             Slain by a leopard gecko (4 damage)
             ... on level 1 of the Dungeon.
             The game lasted 00:01:10 (98 turns).

tminei the Ruffian (Draconian Transmuter)             Turns: 98, Time: 00:01:11

Health: -2/16      AC:  4    Str: 12    XL:     1   Next: 58%
Magic:  2/3        EV: 12    Int: 13    God:
Gold:   11         SH:  0    Dex: 11    Spells: 3/4 levels left

rFire    . . .     SeeInvis .     - Unarmed
rCold    . . .     Gourm    .   (no shield)
rNeg     . . .     Faith    .   (armour unavailable)
rPois    .         Spirit   .   (helmet restricted)
rElec    .         Reflect  .   (no cloak)
rCorr    .         Harm     .   (no gloves)
MR       .....                  (no boots)
Stlth    +.........             (no amulet)
HPRegen  0.05/turn              (no ring)
MPRegen  0.08/turn              (no ring)

@: appendage (expiring)
A: unfitting armour, horns 2, cold-blooded, AC +4
a: End Transformation


You were on level 1 of the Dungeon.
You were not hungry.
You had grown temporary horns.
You visited 1 branch of the dungeon, and saw 1 of its levels.

You collected 11 gold pieces.

Inventory:

Missiles
 a - 12 arrows
Comestibles
 b - 4 chunks of flesh
 c - a ration


   Skills:
 + Level 1.1 Fighting
 + Level 1.8 Dodging
 + Level 3.1 Unarmed Combat
 + Level 2.0 Spellcasting
 + Level 2.0 Transmutations


You had 3 spell levels left.
You knew the following spells:

 Your Spells              Type           Power        Failure   Level  Hunger
a - Beastly Appendage     Tmut           #.....       11%         1    ##.....

Your spell library contained the following spells:

 Spells                   Type           Power        Failure   Level  Hunger
 Spider Form              Tmut/Pois      #.........   45%         3    ####...
 Blade Hands              Tmut           #.........   97%         5    ######.
 Ice Form                 Ice/Tmut       #.......     86%         4    #####..
 Sticks to Snakes         Tmut           #.......     17%         2    ###....


Dungeon Overview and Level Annotations

Branches:
Dungeon (1/15)

Altars:


Innate Abilities, Weirdness & Mutations

Your plain brown scales are hard. (AC +4)
You cannot fit into any form of body armour.
You are cold-blooded and may be slowed by cold attacks.
You have a pair of horns on your head.


Message History

The leopard gecko bites you. The frilled lizard bites you.
You take 5 damage, and have 7/16 hp.
MASSIVE DAMAGE!!
You barely miss the frilled lizard. The leopard gecko bites you.
* * * LOW HITPOINT WARNING * * *
The frilled lizard bites you but does no damage.
You take 5 damage, and have 2/16 hp.
MASSIVE DAMAGE!!
The frilled lizard barely misses you.
You see here a ration.
Your transformation is almost over.
The leopard gecko closely misses you.
You are too injured to fight recklessly!
You are too injured to fight recklessly!
You are too injured to fight recklessly!
You are too injured to fight recklessly!
You are too injured to fight recklessly!
You hit the leopard gecko but do no damage.
The leopard gecko bites you.
You die...

... Ї.Ї ЇЇЇ ... Ї..
Ї>.........
ЇЇ.Ї....... .. .
....Ї.Ї... .Ї.Ї
.ЇЇЇЇЇЇ.Ї.Ї.ЇЇ.Ї
..Ї.Ї
..........Ї.ЇЇ.Ї
....
.ЇЇЇЇЇЇlЇЇЇ.ЇЇ.ЇЇ..Ї
Ї Ї.l......Ї... ...
Ї@.......Ї.Ї..ЇЇ.
Ї.ЇЇЇ............
.... ЇЇЇЇ.Ї.ЇЇ.ЇЇ...
..!... Ї.Ї..... ...
ЇЇЇЇ..ЇЇ
Ї.ЇЇЇ....... Ї..Ї
Ї.Ї Ї.Ї..Ї.Ї Ї..Ї
Ї.Ї Ї.Ї..... ...Ї
Ї.Ї Ї.Ї.ЇЇ.Ї Ї.Ї
Ї.Ї..... Ї.Ї
Ї.ЇЇ.Ї.. Ї.Ї
Ї.ЇЇ.÷.. Ї.Ї
Ї.ЇЇ....
Ї.ЇЇЇ.....>.
Ї......Ї.ЇЇ.
ЇЇЇЇ...Ї.ЇЇ.
Ї...Ї.Ї.. Ї...Ї.Ї..
Ї...Ї.Ї Ї..(Ї.Ї
....Ї.. ....Ї


You could see a leopard gecko and a frilled lizard.

Vanquished Creatures
  A goblin (D:1)
  A hobgoblin (D:1)
  A kobold (D:1)
  A rat (D:1)
4 creatures vanquished.

Notes
Turn   | Place    | Note
-------+----------+-------------------------------------------
     0 | D:1      | tminei the Draconian Transmuter began the quest for the Orb.
     0 | D:1      | Reached XP level 1. HP: 16/16 MP: 3/3
    98 | D:1      | Slain by a leopard gecko

Vault maps used:
D:1:      minmay_arrival_doors, minmay_misc_feat_more_columns,
          minmay_tree_intersection, skrybe_limestone_x, minmay_lizard_pond

Action                   || total
-------------------------++-------
Melee: Unarmed           ||    16
       Tailslap          ||     1
 Cast: Beastly Appendage ||     3
Armor: Skin              ||     2
Dodge: Dodged            ||    16

Table legend:
 A = Spawn XP
 B = Non-spawn XP
 C = Spawn XP percentage of total XP
 D = Spawn monster count
 E = Non-spawn monster count
 F = Spawn count percentage of total count
 G = Total turns spent on level
                    A         B        C        D         E        F      G
               +---------+---------+-------+---------+---------+-------+---------
         Total |       0 |       7 |   0.0 |       0 |       4 |   0.0 |    98
               +---------+---------+-------+---------+---------+-------+---------
           D:1 |       0 |       7 |   0.0 |       0 |       4 |   0.0 |    98
               +---------+---------+-------+---------+---------+-------+---------
